 Dungeon Crawl Stone Soup version 0.25-a0-719-gde951dce62 (webtiles) character file.

Game seed: 17264506171972889958, levelgen mode: deterministic

84 Maedhros the Scratcher (level 4, -1/21 HPs)
             Began as a Felid Chaos Knight on Apr 6, 2020.
             Was a Plaything of Xom.
             Succumbed to poison (poison gas)
             ... on level 3 of the Dungeon.
             The game lasted 00:05:14 (15194 turns).

Maedhros the Scratcher (Felid Chaos Knight)        Turns: 15194, Time: 00:05:14

Health: -1/21      AC:  5    Str: 12    XL:     4   Next: 24%
Magic:  5/5        EV: 33    Int: 13    God:    Xom [..*...]
Gold:   136        SH:  4    Dex: 14    Spells: 3/3 levels left
                                        Lives:  0   Deaths: 1

rFire    . . .     SeeInvis +     - Unarmed
rCold    . . .     Gourm    .   (shield unavailable)
rNeg     . . .     Faith    .   (armour unavailable)
rPois    .         Spirit   .   (helmet unavailable)
rElec    .         Reflect  .   (cloak unavailable)
rCorr    .         Harm     .   (gloves unavailable)
MR       .....                  (boots unavailable)
Stlth    +++.......             c - amulet of the acrobat
HPRegen  0.07/turn              d - +2 ring of slaying
MPRegen  0.09/turn              (no ring)

@: lethally poisoned (-1 -> -28), acrobat, quick
A: very small, no armour, no weapons or thrown items, stealth, claws 1, fangs 3,
horns 1, iridescent scales 1, large bone plates 1, molten scales 1, camouflage
1, see invisible, carnivore, clumsy 1, speed 1, shaggy fur 1, slow metabolism 1,
strong 2, evolution 1, sharp paws
a: Renounce Religion


You were on level 3 of the Dungeon.
You worshipped Xom.
You were a toy of Xom.
You were completely stuffed.

You visited 1 branch of the dungeon, and saw 3 of its levels.

You collected 136 gold pieces.

Inventory:

Missiles
 g - 127 stones
Jewellery
 c - an amulet of the acrobat (around neck)
 d - a +2 ring of slaying (left paw)
Wands
 j - a wand of acid (3)
Scrolls
 e - 2 scrolls of identify {unknown}
 f - a scroll of remove curse {unknown}
 h - 2 scrolls of magic mapping {unknown}
 i - a scroll of enchant weapon {unknown}
 k - a scroll of immolation {unknown}
Potions
 b - a potion of haste
Comestibles
 a - 7 rations
 l - 3 chunks of flesh


   Skills:
 - Level 3.0 Fighting
 - Level 3.2 Dodging
 + Level 5.8 Unarmed Combat


You had 3 spell levels left.
You didn't know any spells.
Your spell library was empty.

Dungeon Overview and Level Annotations

Branches:
Dungeon (3/15)

Altars:
Xom


Innate Abilities, Weirdness & Mutations

You cannot wear armour.
You are incapable of wielding weapons or throwing items.
Your paws allow you to move quietly. (Stealth)
You have sharp claws.
You have razor-sharp teeth.
You have supernaturally acute eyesight. (SInv)
You are carnivorous and can eat meat at any time.
You cover ground quickly.
You are covered in fur. (AC +1)
You have a slow metabolism.
Your sharp claws are effective at attacking unaware monsters.
You have a pair of small horns on your head.
You are partially covered in iridescent scales. (AC +2)
You are partially covered in large bone plates. (SH +4)
You are partially covered in molten scales. (AC +2)
Your skin changes colour to match your surroundings (Stealth+).
You are clumsy. (Dex -2)
Your muscles are very strong. (Str +4)
You evolve.


Message History

You feel sick.
Okay, then.
You are engulfed in poison gas.
You are more poisoned.
You feel sick.
You hear the brisk rusting of a very distant drain.
You feel sick.
* * * LOW HITPOINT WARNING * * *
You feel sick.
* * * LOW HITPOINT WARNING * * *
You feel sick.
You see here 14 gold pieces.
* * * LOW HITPOINT WARNING * * *
You feel sick.
Okay, then.
* * * LOW HITPOINT WARNING * * *
You feel sick.
You see here 14 gold pieces.
You die...
Xom howls with laughter!

##.## #.[ #..# #..
##.## ##.. #..#
#... ##(## #(..
##########..####...
#........##.......#
#..$.....##..###..#
#$@......##(.###..#
#........##.(.##..#
#...°°°°.##.#(###.#
#####.○☼.)..#(.##.#
#☼########(##.#
#§§§...........
#☼#####(....... #.#
#........ #.#
#........


There were no monsters in sight!

Vanquished Creatures
  A centaur skeleton (D:2)
  4 adders
  A shadow imp (D:3)
  2 oozes (D:1)
  2 worms
  2 dart slugs
  A leopard gecko (D:1)
  4 orcs (D:3)
  5 bats
  4 giant cockroaches
  8 goblins
  9 hobgoblins
  A ball python (D:3)
  2 frilled lizards
  8 kobolds
  A rat (D:3)
55 creatures vanquished.

Notes
Turn   | Place    | Note
-------+----------+-------------------------------------------
     0 | D:1      | Maedhros the Felid Chaos Knight began the quest for the
                  | Orb.
     0 | D:1      | Reached XP level 1. HP: 10/10 MP: 2/2
   178 | D:1      | XOM: harmless Pois miscast
   235 | D:1      | XOM: divination: detect creatures
   820 | D:1      | XOM: harmless Ice miscast
   825 | D:1      | Reached XP level 2. HP: 14/14 MP: 3/3
   867 | D:1      | XOM is BORED!
   867 | D:1      | XOM: silly message
   959 | D:1      | XOM: silly message
  1516 | D:1      | XOM: give mutations
  1516 | D:1      | Gained mutation: You are partially covered in large bone
                  | plates. (SH +4) [Xom's mischief]
  1516 | D:1      | Gained mutation: You have a pair of small horns on your
                  | head. [Xom's mischief]
  1516 | D:1      | Gained mutation: You are clumsy. (Dex -2) [Xom's mischief]
  1516 | D:1      | Gained mutation: Your body sometimes deteriorates upon
                  | taking damage. [Xom's mischief]
  1637 | D:1      | XOM: 1-stop teleportation journey
  1655 | D:1      | Reached skill level 4 in Unarmed Combat
  1767 | D:1      | XOM: summons 1 hostile demon
  1862 | D:1      | XOM: mild Erth miscast
  2542 | D:1      | XOM: harmless Tmut miscast
  3062 | D:1      | XOM is BORED!
  3062 | D:1      | XOM: mild Tmut miscast
  3846 | D:1      | XOM: god gift: 18 stones
  4146 | D:1      | XOM: harmless Erth miscast
  4175 | D:1      | XOM: medium Tloc miscast
  4176 | D:1      | Noticed a spatial vortex
  4176 | D:1      | Noticed a spatial vortex
  4176 | D:1      | Noticed a spatial vortex
  4217 | D:1      | XOM: 1-stop teleportation journey
  4363 | D:1      | XOM: god gift: 56 gold pieces
  4800 | D:1      | XOM is BORED!
  4939 | D:1      | XOM: 5-stop teleportation journey
  4988 | D:1      | Reached XP level 3. HP: 17/17 MP: 4/4
  5287 | D:1      | XOM: give mutations
  5287 | D:1      | Gained mutation: You are partially covered in molten
                  | scales. (AC +2) [Xom's grace]
  5287 | D:1      | Gained mutation: Your muscles are strong. (Str +2) [Xom's
                  | grace]
  5742 | D:1      | XOM: give mutation
  5742 | D:1      | Gained mutation: Your muscles are very strong. (Str +4)
                  | [Xom's grace]
  6578 | D:1      | XOM: scenery: 1 doors close
  7421 | D:1      | XOM: scenery: 1 doors open, 1 doors close
  7546 | D:1      | XOM: harmless Tloc miscast
  7828 | D:1      | XOM: 1-stop teleportation journey
  8154 | D:1      | XOM: harmless Erth miscast
  8274 | D:1      | XOM is BORED!
  8274 | D:1      | XOM: mild Erth miscast
  8307 | D:1      | XOM: scenery: create altars
  9129 | D:1      | XOM: give mutation
  9129 | D:1      | Gained mutation: Your skin changes colour to match your
                  | surroundings (Stealth+). [Xom's grace]
  9239 | D:1      | XOM: mild Ice miscast
 10412 | D:2      | XOM: god gift: ration
 10482 | D:2      | XOM: mild Pois miscast
 10677 | D:2      | XOM: cast spell 'Chain of Chaos'
 10682 | D:2      | Reached skill level 5 in Unarmed Combat
 10682 | D:2      | Reached XP level 4. HP: 21/21 MP: 5/5
 10858 | D:2      | XOM: summons 2 hostile demons
 11259 | D:1      | XOM: mild Fire miscast
 11832 | D:1      | XOM: mild Necr miscast
 12038 | D:1      | XOM is BORED!
 12038 | D:1      | XOM: mild Necr miscast
 12038 | D:1      | XOM: smoke on damage
 12474 | D:1      | XOM: give mutations
 12474 | D:1      | Lost mutation: Your body sometimes deteriorates upon taking
                  | damage. [Xom's mischief]
 12474 | D:1      | Gained mutation: You evolve. [Xom's mischief]
 12484 | D:1      | Gained mutation: You are partially covered in iridescent
                  | scales. (AC +2) [evolution]
 12725 | D:1      | XOM: harmless Necr miscast
 12937 | D:1      | XOM: harmless Necr miscast
 13275 | D:1      | XOM: summons 2 hostile demons
 13276 | D:1      | Noticed a rust devil
 13708 | D:1      | XOM: noise
 14557 | D:1      | XOM: draining
 14689 | D:1      | XOM: medium Pois miscast
 14844 | D:3      | HP: 1/21 [poisoned by a kobold]
 14849 | D:3      | Succumbed to a kobold's poison
 14850 | D:3      | Reached XP level 3. HP: 0/17 MP: 4/4
 14863 | D:3      | Reached XP level 4. HP: 21/21 MP: 5/5
 15103 | D:3      | XOM: 3-stop teleportation journey
 15186 | D:3      | XOM: medium Air miscast
 15193 | D:3      | HP: 1/21 [poison (poison gas)]
 15194 | D:3      | Succumbed to poison (poison gas)

Levels and vault maps discovered:
D:1:      nicolae_arrival_washed_ashore, layout_loops_corners,
          chequers_serial_rivers_room_a, chequers_jeans
D:2:      layout_loops_ring, lemuel_coloured_pillars_altar, first_ration,
          uniq_sigmund, uniq_crazy_yiuf_cottage
D:3:      layout_basic, portal_sewer_entry_b, minmay_between

Skill      XL: |  1  2  3 |
---------------+----------+-----
Unarmed Combat | 4 5 |  5.8
Fighting       | |  3.0
Dodging        | |  3.2

Action                   |  1- 3 |  4- 6 || total
-------------------------+-------+-------++-------
Melee: Unarmed           |   122 |    77 ||   199
       Bite              |    11 |     7 ||    18
       Punch             |     3 |     1 ||     4
       Headbutt          |     8 |    12 ||    20
  Use: Potion            |     2 |       ||     2
 Stab: Distracted        |     1 |     1 ||     2
       Sleeping          |     2 |     3 ||     5
  Eat: Chunk             |    18 |    17 ||    35
       Ration            |     1 |       ||     1
Armor: Skin              |     5 |     3 ||     8
Dodge: Dodged            |    93 |    53 ||   146
Block: Other             |     8 |    11 ||    19

Table legend:
 A = Non-vault XP
 B = Vault XP
 C = Vault XP percentage of total XP
 D = Non-vault monster count
 E = Vault monster count
 F = Vault count percentage of total count
                 A         B        C        D         E       F
            +---------+---------+-------+---------+---------+-------
      Total |     199 |      16 |   7.4 |      53 |       2 |   3.6
            +---------+---------+-------+---------+---------+-------
        D:1 |      60 |       0 |   0.0 |      27 |       0 |   0.0
        D:2 |      85 |       0 |   0.0 |      12 |       0 |   0.0
        D:3 |      54 |      16 |  22.9 |      14 |       2 |  12.5
            +---------+---------+-------+---------+---------+-------
